 Dungeon Crawl Stone Soup version 0.30-a0-778-g2ef04afb54 (console) character file.

Game seed: 6572448347089103525

219 rlgrobin the Chopper (level 6, 0/51 HPs)
             Began as a Meteoran Fighter on Feb 17, 2023.
             Slain by a yak (15 damage)
             ... on level 4 of the Dungeon.
             The game lasted 00:01:03 (203 turns).

rlgrobin the Chopper (Meteoran Fighter)              Turns: 203, Time: 00:01:03

Health: 0/51       AC:  6    Str: 19    XL:     6   Next: 41%
Magic:  7/7        EV:  9    Int: 10    God:
Gold:   16         SH:  5    Dex: 14    Spells: 5/5 levels left

rFire   . . .      SeeInvis .    a - +0 war axe
rCold   . . .      Faith    .    c - +0 buckler
rNeg    . . .      Spirit   .    b - +0 scale mail
rPois   .          Reflect  .    (no helmet)
rElec   .          Harm     .    (no cloak)
rCorr   .          Rampage  .    (no gloves)
Will    .....                    (no boots) Stlth
                                 (no amulet)
HPRegen 0.28/turn                (no ring)
MPRegen 0.10/turn                (no ring)

@: mighty, glowing
A: sense surroundings 1, otherworldly, glowing, explore regen
a: no special abilities


You were on level 4 of the Dungeon.
You visited 1 branch of the dungeon, and saw 4 of its levels.

You collected 16 gold pieces.

Inventory:

Hand Weapons
 a - a +0 war axe (weapon)
Armour
 b - a +0 scale mail (worn)
 c - a +0 buckler (worn)
Scrolls
 f - a scroll of teleportation {unknown}
Potions
 e - 2 potions of flight {unknown}


   Skills:
 - Level 3.2 Fighting
 + Level 7.2 Axes
 - Level 3.6 Armour
 - Level 3.6 Shields


You had 5 spell levels left.
You didn't know any spells.
Your spell library contained the following spells:

 Spells                   Type           Power      Damage    Failure   Level
 Magic Dart               Conj           0%         1d3       82%         1
 Call Imp                 Summ           0%         N/A       91%         2
 Mephitic Cloud           Conj/Pois/Air  0%         N/A       99%         3


Dungeon Overview and Level Annotations

Branches:
Dungeon (4/15) Zot: 2180
 Temple: D:4-7

Altars:


Innate Abilities, Weirdness & Mutations

You passively map a small area around you.
You are easily found by Zot.
You glow in the dark.
You regain HP and MP as you explore.


Message History

The yak gores you.
You hit the yak.
The yak is heavily wounded.
The yak gores you but does no damage. You block the yak's attack.
You slash the yak!
The yak is severely wounded.
You block the yak's attack.
You slice the yak!!
You kill the yak!
Your Axes skill gained 2 levels and is now at level 7!
You have reached level 5!
You have reached level 6!
You feel agile.
You climb downwards.
The yak gores you!
There is a stone staircase leading up, spattered with blood here.
You are too injured to fight recklessly!
You are too injured to fight recklessly!
You are too injured to fight recklessly!
You are too injured to fight recklessly!
You completely miss the yak. You hit the ball python.
You kill the ball python!
The yak barely misses you.
You closely miss the yak. You block the yak's attack. The yak gores you.
You hit the yak.
The yak is lightly wounded.
The yak gores you but does no damage.
You barely miss the yak.
The yak is lightly wounded.
The yak gores you!
* * * LOW HITPOINT WARNING * * *
You slash the yak!
The yak is lightly wounded.
You block the yak's attack.
You slash the yak!
The yak is heavily wounded.
The yak closely misses you.
You hit the yak.
The yak is severely wounded.
The yak gores you but does no damage. x2; The yak gores you!
You die...

, **, , ...
.##### , * , *
.. .#... # ~ .,
.<#.... .. , ,
~ .. ..... .>
<..#, .... .# *
.... #.. .. ,
#..#.#.#.#.# ,
,,,#...@Y......
, ,
#..[[Y..##.#
#.#...#.# , ..
..... # , < *
... .###>..*
..,.. ,.... , ,
. .. *.#... , ,
, ... .###.. *
*


You could see 2 yaks.

Vanquished Creatures
  A yak (D:3)
  An orc priest (D:4)
  An orc wizard (D:4)
  An adder (D:2)
  3 orcs (D:4)
  3 ball pythons
  A bat (D:2)
  An endoplasm (D:3)
  A frilled lizard (D:2)
  A rat (D:1)
14 creatures vanquished.

Vanquished Creatures (others)
  2 plants (D:4)
2 creatures vanquished.

Grand Total: 16 creatures vanquished

Notes
Turn   | Place    | Note
-------+----------+-------------------------------------------
     0 | D:1      | rlgrobin the Meteoran Fighter began the quest for the Orb.
     0 | D:1      | Reached XP level 1. HP: 19/19 MP: 2/2
   155 | D:2      | Reached skill level 3 in Axes
   155 | D:2      | Reached XP level 2. HP: 26/26 MP: 3/3
   181 | D:4      | Reached XP level 3. HP: 31/31 MP: 4/4
   182 | D:4      | Noticed a yak
   184 | D:4      | Reached skill level 4 in Axes
   184 | D:4      | Reached XP level 4. HP: 31/38 MP: 5/5
   184 | D:4      | Noticed a yak
   185 | D:4      | Noticed a yak
   186 | D:4      | Reached skill level 5 in Axes
   194 | D:3      | Killed a yak
   195 | D:3      | Reached skill level 7 in Axes
   195 | D:3      | Reached XP level 5. HP: 27/45 MP: 6/6
   195 | D:3      | Reached XP level 6. HP: 30/51 MP: 7/7
   203 | D:4      | Slain by a yak

Illustrated notes

Levels and vault maps discovered:
D:1:      reono_arrival_forest_river, layout_basic,
          shapermc_ecumenical_altar_ellora
D:2:      cheibrodos_old_hovel, layout_rooms, minivault_14,
          minmay_misc_feat_rows, grunt_ministairs_9, uniq_natasha
D:3:      layout_rooms, trog_three_pillars_becter
D:4:      minmay_recursive_quarters, layout_basic, serial_shops,
          nicolae_shop_hallway_plus, kennysheep_little_box, nicolae_shop_trees,
          nicolae_inconvenience_store, nicolae_shop_trees, serial_bayou_pond_b,
          chequers_serial_rivers_room_a, dk_noncrumbling_2

Skill      XL: |  1  2  3  4 |
---------------+-------------+-----
Axes           | 3 4 7 |  7.2
Fighting       | |  3.2
Armour         | |  3.6
Shields        | |  3.6

Action                     |  1- 3 |  4- 6 || total
---------------------------+-------+-------++-------
  Melee: War axe           |    21 |    16 ||    37
    Use: Potion            |     1 |       ||     1
 Armour: Scale mail        |    18 |     6 ||    24
  Dodge: Dodged            |    14 |     3 ||    17
  Block: Buckler           |     9 |     8 ||    17

Table legend: (Time is in decaauts)
 A = Elapsed time spent in this place.
 B = Non-inter-level travel time spent in this place.
 C = Inter-level travel time spent in this place.
 D = Time resting spent in this place.
 E = Time spent auto-exploring this place.
 F = Levels seen in this place.
 G = Mean time per level.
                   A        B        C        D        E       F      G
               +--------+--------+--------+--------+--------+-----+--------+
         Total |    218 |    218 |      0 |      0 |      0 |   4 |   54.5 |
       Dungeon |    218 |    218 |      0 |      0 |      0 |   4 |   54.5 |
               +--------+--------+--------+--------+--------+-----+--------+

Top non-repeatable levels by time:
     D:1: 153 daAuts
     D:2: 23 daAuts
     D:4: 20 daAuts
     D:3: 20 daAuts
